Map: Central Protocol

Players

Toast - Winner!

  • Race: Terran Terran
  • League: Silver

A.I. 1 (Medium)

  • Race: Terran Terran

VOD

Have the link to the VOD?

Description

Time

  • Played on: Jan. 20, 2016, 12:29 a.m.
  • Length: 10:31
Show
View Real Time Build Order
Export as new Build Order

Toast Terran - Winner!

Build Orders: Reaper Expand, MMM Bio 

Get SALT Encoding   

  12  0:01  SCV  
  13  0:13  SCV  
  14  0:18  Supply Depot  
  14  0:25  SCV  
  15  0:40  SCV  
  15  0:41  Barracks  
  16  0:49  Refinery  
  16  0:53  SCV  
  17  1:05  SCV  
  18  1:18  SCV  
  19  1:30  Orbital Command  
  19  1:35  Reaper  
  20  1:43  Command Center  
  20  1:55  SCV  
  20  1:56  Supply Depot  
  21  2:08  SCV  
  22  2:12  Factory  
  22  2:18  Refinery  
  22  2:22  SCV  
  23  2:29  Barracks Reactor  
  23  2:34  SCV  
  24  2:46  SCV  
  25  2:55  Orbital Command  
  25  2:58  SCV  
  25  3:01  Starport  
  25  3:02  Factory Tech Lab  
  26  3:10  SCV  
  26  3:12  Marine x2  
  29  3:21  Supply Depot  
  29  3:22  Widow Mine  
  29  3:23  SCV x2  
  33  3:29  Marine  
  33  3:30  Marine  
  35  3:35  SCV x2  
  35  3:39  Medivac  
  39  3:47  SCV, Marine  
  39  3:48  SCV, Marine  
  43  3:52  Cyclone  
  46  3:57  Refinery  
  46  3:59  SCV, Refinery  
  46  4:01  Liberator  
  47  4:04  Supply Depot  
  47  4:06  SCV  
  47  4:09  Marine x2  
  49  4:13  Engineering Bay  
  49  4:14  SCV  
  54  4:26  SCV  
  54  4:27  SCV, Marine  
  54  4:28  Marine  
  58  4:37  Supply Depot  
  58  4:39  SCV  
  58  4:40  SCV  
  58  4:45  Marine x2  
  62  4:59  SCV x2, Siege Tank, Supply Depot  
  67  5:00  Supply Depot  
  67  5:01  Starport Reactor  
  67  5:03  Marine x2  
  69  5:11  Command Center  
  69  5:15  SCV  
  69  5:21  SCV  
  71  5:23  Supply Depot  
  71  5:25  Supply Depot  
  71  5:27  SCV  
  72  5:32  Marine x2  
  72  5:33  SCV  
  75  5:43  Siege Tank  
  75  5:44  Barracks  
  75  5:45  SCV  
  75  5:48  SCV, Barracks  
  80  5:54  Medivac  
  80  5:55  Medivac  
  80  5:56  Marine x2  
  86  5:59  SCV  
  87  6:07  Engineering Bay  
  87  6:12  Armory  
  87  6:14  SCV x2, Marine  
  87  6:17  Marine  
  91  6:19  Siege Tank  
  94  6:25  Orbital Command  
  94  6:28  SCV  
  94  6:29  SCV  
  96  6:35  Marine  
  96  6:36  Barracks Tech Lab x2  
  97  6:41  Terran Infantry Weapons Level 1  
  97  6:42  Terran Infantry Armor Level 1, Supply Depot  
  97  6:44  Supply Depot  
  97  6:45  SCV  
  97  6:46  SCV  
  99  6:57  Marine x2  
  99  6:59  Orbital Command, Marine x2  
  99  7:00  Combat Shields, Stimpack  
  103  7:03  Medivac x2  
  103  7:05  Siege Tank  
  103  7:07  SCV  
  103  7:08  SCV  
  112  7:19  SCV  
  112  7:20  SCV  
  114  7:29  Marine x2  
  116  7:31  Marauder x2  
  116  7:36  Medivac x2  
  124  7:44  Barracks  
  124  7:45  Supply Depot  
  124  7:46  Supply Depot, Barracks  
  124  7:47  Marine  
  124  7:50  SCV  
  124  7:51  SCV  
  127  7:54  Marine  
  127  7:55  Marine  
  127  7:56  Marine  
  127  7:57  Siege Tank  
  133  8:07  SCV x2, Medivac x2  
  133  8:11  Marine  
  140  8:14  Supply Depot  
  140  8:15  Supply Depot  
  140  8:20  Marine  
  140  8:21  Marauder  
  140  8:22  Marauder  
  145  8:28  SCV x2  
  147  8:35  Refinery x2  
  147  8:39  Marine x2  
  147  8:40  SCV  
  147  8:41  Barracks Reactor  
  150  8:42  Barracks Reactor  
  150  8:43  Siege Tank  
  150  8:44  Medivac x2  
  150  8:45  SCV, Starport  
  158  8:52  SCV, Supply Depot  
  158  8:53  Supply Depot  
  159  8:57  Marauder x2  
  159  9:02  Marine x2  
  165  9:13  SCV x2  
  158  9:26  Marine x2  
  158  9:27  Marine x4  
  158  9:28  Marauder  
  158  9:29  Marauder  
  158  9:30  Medivac x2  
  172  9:31  Siege Tank  
  172  9:35  SCV  
  172  9:36  SCV  
  177  9:42  Barracks  
  177  9:43  Barracks  
  177  9:44  Supply Depot  
  177  9:46  Supply Depot, Marine x3  
  177  9:47  Marine  
  181  10:05  SCV x2, Marine x3  
  181  10:06  Marine, Marauder  
  189  10:07  Marine x3  
Show
View Real Time Build Order
Export as new Build Order

A.I. 1 (Medium) Terran 

Build Orders:  

Get SALT Encoding   

  12  0:00  SCV  
  13  0:13  SCV  
  14  0:18  Supply Depot  
  14  0:25  SCV  
  15  0:40  SCV  
  16  0:43  Barracks  
  16  0:52  SCV  
  17  1:04  SCV  
  18  1:20  Command Center  
  18  1:30  Marine  
  18  1:32  Orbital Command  
  19  1:38  Supply Depot  
  19  1:45  Refinery  
  19  1:47  Marine  
  20  1:58  SCV  
  21  2:02  Barracks  
  21  2:08  Refinery  
  21  2:10  SCV  
  22  2:19  Barracks Tech Lab  
  22  2:23  SCV  
  23  2:31  Supply Depot  
  23  2:35  SCV  
  24  2:37  Marine  
  25  2:48  Refinery  
  25  2:50  SCV  
  26  2:53  SCV  
  26  2:56  Marauder  
  26  2:57  Barracks Tech Lab  
  29  3:07  Factory  
  29  3:10  SCV  
  30  3:17  Marauder  
  32  3:22  Factory  
  32  3:27  Marine  
  33  3:41  Refinery  
  33  3:42  Marine  
  33  3:47  SCV  
  35  3:52  Factory Tech Lab  
  35  3:55  Starport  
  35  3:58  SCV  
  35  3:59  Marauder  
  38  4:03  SCV  
  38  4:07  Factory Tech Lab  
  39  4:10  SCV  
  39  4:14  Marine  
  39  4:15  SCV  
  42  4:22  SCV  
  43  4:30  Supply Depot, Marine  
  44  4:31  Medivac  
  44  4:32  SCV  
  44  4:35  SCV  
  48  4:44  SCV  
  49  4:45  Marine  
  49  4:51  SCV  
  51  4:56  SCV  
  52  5:00  Supply Depot  
  52  5:01  Marine  
  52  5:03  SCV  
  54  5:08  SCV  
  55  5:17  Marine  
  56  5:21  SCV  
  56  5:23  Supply Depot  
  56  5:24  SCV  
  58  5:30  Medivac  
  58  5:33  SCV, Marauder  
  63  5:44  SCV  
  63  5:47  Supply Depot, SCV  
  63  5:49  Marauder  
  67  5:54  Engineering Bay  
  67  5:56  SCV  
  68  5:59  SCV  
  68  6:01  Starport Tech Lab  
  69  6:05  Marauder  
  69  6:08  SCV  
  69  6:11  Supply Depot, SCV  
  73  6:20  Raven  
  73  6:21  SCV  
  73  6:23  Ghost Academy  
  73  6:25  SCV, Missile Turret  
  77  6:27  Missile Turret  
  77  6:29  Missile Turret  
  77  6:30  Missile Turret  
  77  6:32  Sensor Tower  
  77  6:33  SCV  
  77  6:37  SCV  
  79  6:40  Armory  
  79  6:45  SCV  
  80  6:48  Barracks  
  80  6:49  SCV  
  80  6:51  Supply Depot  
  80  6:53  Ghost  
  83  6:55  Bunker  
  83  6:57  Bunker  
  83  7:02  Raven  
  85  7:35  Barracks Reactor  
  85  9:15  Marine  
  85  9:16  Raven  
  84  9:23  Hellion  
  62  9:27  Supply Depot  
  62  9:31  Hellion  
  58  9:36  SCV  
  47  9:45  Hellion  
  45  9:48  SCV  
  45  9:52  Hellion  
  44  9:59  Medivac  
  41  10:00  SCV  
  38  10:07  Marine  
  38  10:09  Starport  
  38  10:12  Marine  
Tags
 
Composition
MMM Bio
League
Silver
Matchup
TvT
Race
Terran
Add a new tag
Caveats
  • Supply blocks, unpowered buildings, or Contaminate may cause inaccurate times.
  • Supply counts are checked every 10 seconds.